 Dungeon Crawl Stone Soup version 0.28.0 (webtiles) character file.

Game seed: 26331841425473909

112 crazypyro the Digger (level 4, 0/24 HPs)
             Began as a Gargoyle Earth Elementalist on Feb 8, 2022.
             Slain by an iguana (8 damage)
             ... on level 3 of the Dungeon.
             The game lasted 00:03:58 (2407 turns).

crazypyro the Digger (Gargoyle Earth Elementalist)  Turns: 2407, Time: 00:03:59

Health: 0/24       AC:  9    Str: 11    XL:     4   Next: 93%
Magic:  0/8        EV: 11    Int: 18    God:
Gold:   264        SH:  0    Dex: 10    Spells: 4/8 levels left

rFire   . . .      SeeInvis +   e - +0 halberd
rCold   . . .      Faith    .   (shield currently unavailable)
rNeg    + . .      Spirit   .   b - +0 robe
rPois   ∞          Reflect  .   (no helmet)
rElec   +          Harm     .   (no cloak)
rCorr   .          Rampage  .   (no gloves)
Will    .....                   (no boots)
Stlth   ++........              (no amulet)
HPRegen 0.08/turn               g - ring of see invisible
MPRegen 0.11/turn               p - +4 ring of protection

@: studying Shields
A: sickness immunity, AC +3, negative energy resistance 1, electricity
resistance, torment resistance 1, petrification resistance
a: no special abilities


You were on level 3 of the Dungeon.
You visited 1 branch of the dungeon, and saw 4 of its levels.

You collected 264 gold pieces.

Inventory:

Hand Weapons
 e - a +0 halberd (weapon)
Missiles
 c - 68 stones
 j - 2 throwing nets
Armour
 b - a +0 robe (worn)
 q - a +0 kite shield
Jewellery
 g - a ring of see invisible (left hand)
 p - a +4 ring of protection (right hand)
Scrolls
 a - a scroll of fog {unknown}
 d - 2 scrolls of teleportation {unknown}
 f - 4 scrolls of identify {unknown}
 l - a scroll of enchant armour {unknown}
 o - a scroll of noise {unknown}
Potions
 h - a potion of attraction {unknown}
 i - a potion of brilliance {unknown}
 k - 3 potions of might {unknown}
 m - a potion of curing {unknown}
 n - 2 potions of mutation {unknown}
 r - a potion of lignification {unknown}


   Skills:
 + Level 0.1 Polearms
 - Level 1.5 Dodging
 - Level 2.1 Stealth
 + Level 0.6 Shields
 + Level 2.9 Spellcasting
 * Level 2.3 Conjurations
 - Level 1.2 Transmutations
 + Level 4.7 Earth Magic


You had 4 spell levels left.
You knew the following spells:

 Your Spells              Type           Power      Damage    Failure   Level
a - Sandblast             Erth           38%        2d10      2%          1
b - Stone Arrow           Conj/Erth      30%        3d8       12%         3

Your spell library contained the following spells:

 Spells                   Type           Power      Damage    Failure   Level
 Passwall                 Tmut/Erth      10%        N/A       8%          2
 Sting                    Tmut/Pois      16%        1d3       13%         1
 Poisonous Vapours        Pois/Air       4%         N/A       26%         2
 Petrify                  Tmut/Erth      13%        N/A       43%         4
 Summon Guardian Golem    Hex/Summ       2%         N/A       45%         3
 Anguish                  Hex/Necr       1%         N/A       86%         4
 Olgreb's Toxic Radiance  Pois           2%         N/A       86%         4
 Summon Ice Beast         Ice/Summ       2%         N/A       86%         4


Dungeon Overview and Level Annotations

Branches:
Dungeon (4/15)
 Temple: D:4-7

Altars:

Shops:
D:1 :


Innate Abilities, Weirdness & Mutations

You are immune to sickness and miasma.
Your stone body is resilient. (AC +3)
You are immune to poison.
You resist negative energy. (rN+)
You are resistant to electric shocks. (rElec)
You are resistant to unholy torment.
You are immune to petrification.


Message History

The blast of sand hits the jackal.
The jackal is almost dead.
The jackal bites you but does no damage.
The blast of sand hits the jackal.
You kill the jackal!
The jackal bites you.
The blast of sand misses the jackal.
The blast of sand hits the orc!
You kill the orc!
The jackal bites you but does no damage.
The blast of sand hits the jackal!
You kill the jackal!
The iguana hisses menacingly.
The endoplasm closely misses you.
The blast of sand hits the endoplasm!
You kill the endoplasm!
The iguana hisses menacingly.
The orc wizard mumbles some strange words.
The orc wizard flickers and vanishes for a moment.
The blast of sand misses the iguana.
The blast of sand hits the orc priest.
The orc priest is moderately wounded.
The iguana closely misses you.
An orc wizard comes into view. It is wielding a +0 dagger.
The orc priest calls down the wrath of Beogh upon you.
Beogh smites you!
Ouch! That really hurt!
* * * LOW HITPOINT WARNING * * *
There is a stone staircase leading up here.
The iguana barely misses you.
You climb upwards.
There is a stone staircase leading down here.
You are too injured to fight recklessly!
Casting: Sandblast (safe; 2% risk of failure)
Confirm with . or Enter, or press ? or * to list all spells.
Aiming: Sandblast (safe; 2% risk of failure)
Press: ? - help, Shift-Dir - straight line, f - iguana
Aim: an iguana (82% to hit)
The blast of sand hits the iguana!
The iguana is severely wounded.
The iguana bites you!
You die...

.............#..##......##.......
......####......##..)......#####.
........................#### #.
....................##### #.
.........###)....#.## #.
...................#### #.
........#.###.........## #.
.....#..#.###....l###..#########.
....##.....##...@.# #..........#.
######............# #..........#.
####.....#........###..........#.
.........####..................#.
.......).......................#.
######...####..................#.
#...####.##...............#.
##....##.##.......#########.
####....###.....## #..


You could see an iguana.

Vanquished Creatures
  A centaur skeleton (D:2)
  An adder (D:3)
  A howler monkey skeleton (D:4)
  2 dart slugs
  2 orcs
  5 bats
  3 endoplasms
  3 giant cockroaches
  3 goblins (D:1)
  5 hobgoblins
  5 jackals
  A quokka (D:2)
  5 ball pythons
  3 frilled lizards
  7 kobolds
  9 rats
56 creatures vanquished.

Notes
Turn   | Place    | Note
-------+----------+-------------------------------------------
     0 | D:1      | crazypyro the Gargoyle Earth Elementalist began the quest
                  | for the Orb.
     0 | D:1      | Reached XP level 1. HP: 10/10 MP: 3/3
   119 | D:1      | Reached skill level 1 in Transmutations
   205 | D:1      | Reached XP level 2. HP: 15/15 MP: 3/5
   382 | D:1      | Found a faded altar of an unknown god.
   387 | D:1      | Reached skill level 4 in Earth Magic
   454 | D:1      | Found Zapael's Book Emporium.
   702 | D:1      | Reached XP level 3. HP: 5/19 MP: 3/6
   706 | D:1      | Learned a level 3 spell: Stone Arrow
  1515 | D:2      | Reached skill level 1 in Conjurations
  1583 | D:2      | Got Pymaph Ihurph's Tome of Creative Malediction
  1718 | D:2      | Reached XP level 4. HP: 20/24 MP: 1/8
  2407 | D:3      | Slain by an iguana

Illustrated notes

Levels and vault maps discovered:
D:1:      tarquinn_simple_flora_water_c, layout_loops_cross,
          ebering_ecumenical_altar_ruins, serial_shops, shop_coins,
          minmay_hexomino_f4
D:2:      layout_rooms
D:3:      layout_rooms, supply_closet_lemuel
D:4:      minmay_polygon_palace, layout_rooms, gammafunk_temple_overflow_wave,
          chequers_mini_garden, uniq_ijyb, uniq_blork_the_orc, uniq_grinder

Skill      XL: |  1  2  3  4 |
---------------+-------------+-----
Transmutations | 1 |  1.2
Earth Magic    | 4 |  4.7
Conjurations   | 1 2 |  2.3
Polearms       | |  0.1
Dodging        | |  1.5
Stealth        | |  2.1
Shields        | |  0.6
Spellcasting   | |  2.9

Action                   |  1- 3 |  4- 6 || total
-------------------------+-------+-------++-------
Melee: Halberd           |    49 |     5 ||    54
 Cast: Sandblast         |    39 |    20 ||    59
 Stab: Sleeping          |     3 |       ||     3
Armor: Robe              |    33 |     4 ||    37
Dodge: Dodged            |    24 |     7 ||    31
